Map: Orbital Shipyard

Players

ILLBdA - Winner!

  • Race: Protoss Protoss
  • League: Platinum

MatchaLatte

  • Race: Protoss Protoss
  • League: Diamond

VOD

Have the link to the VOD?

Description

Time

  • Played on: Dec. 14, 2015, 6:44 a.m.
  • Length: 14:01
Show
View Real Time Build Order
Export as new Build Order

ILLBdA Protoss - Winner!

Build Orders: Zealot Archon, Dark Templar Rush 

Get SALT Encoding   

  12  0:01  Probe (Chrono Boost)  
  13  0:11  Probe (Chrono Boost)  
  14  0:20  Pylon  
  14  0:23  Probe (Chrono Boost)  
  15  0:38  Gateway  
  15  0:40  Probe (Chrono Boost)  
  16  0:46  Assimilator  
  16  0:51  Probe (Chrono Boost)  
  17  1:01  Probe (Chrono Boost)  
  17  1:03  Assimilator  
  18  1:12  Probe (Chrono Boost)  
  19  1:23  Probe (Chrono Boost)  
  20  1:28  Cybernetics Core  
  20  1:33  Probe (Chrono Boost)  
  20  1:35  Pylon  
  21  1:44  Probe (Chrono Boost)  
  21  1:46  Pylon  
  22  1:54  Probe (Chrono Boost)  
  23  2:04  Twilight Council  
  23  2:05  Probe (Chrono Boost)  
  24  2:08  Warp Gate (Chrono Boost)  
  24  2:13  Adept  
  28  2:16  Mothership Core (Chrono Boost)  
  28  2:39  Pylon  
  28  2:43  Dark Shrine  
  28  2:46  Adept  
  28  2:50  Gateway  
  30  3:06  Gateway  
  30  3:14  Stalker  
  32  3:20  Robotics Facility  
  32  4:07  Warp Prism  
  32  4:09  Dark Templar x2  
  38  4:14  Probe  
  39  4:21  Pylon  
  39  4:26  Probe  
  40  4:36  Dark Templar  
  40  4:49  Dark Templar  
  42  5:22  Dark Templar  
  42  5:29  Archon  
  42  5:36  Stalker x2  
  46  6:04  Stalker x3  
  40  6:09  Nexus  
  42  6:13  Forge, Pylon  
  42  6:15  Probe  
  41  6:20  Pylon  
  41  6:27  Probe  
  42  6:35  Dark Templar  
  45  6:40  Probe  
  41  6:52  Probe  
  42  7:02  Dark Templar  
  42  7:04  Probe  
  45  7:12  Photon Cannon  
  45  7:14  Photon Cannon  
  45  7:16  Probe  
  46  7:25  Gateway  
  46  7:26  Probe, Gateway  
  46  7:28  Probe  
  46  7:32  Archon  
  46  7:33  Gateway  
  46  7:34  Dark Templar x2  
  48  7:37  Probe  
  48  7:40  Probe  
  50  7:48  Probe  
  47  7:52  Probe  
  47  7:55  Assimilator  
  47  7:56  Assimilator  
  48  7:59  Probe  
  48  8:04  Probe  
  50  8:10  Dark Templar  
  52  8:15  Probe  
  52  8:17  Probe  
  50  8:37  Dark Templar x2  
  50  8:40  Pylon  
  54  8:42  Archon  
  54  8:45  Nexus  
  54  8:46  Pylon  
  54  8:47  Photon Cannon  
  54  8:53  Observer  
  54  9:04  Dark Templar  
  56  9:11  Archon  
  53  9:33  Pylon  
  53  9:35  Dark Templar x2  
  57  9:39  Archon  
  56  9:46  Probe x2  
  56  9:51  Photon Cannon  
  58  9:53  Immortal  
  58  9:55  Stalker x2  
  58  9:56  Probe  
  58  9:58  Probe  
  68  10:00  Twilight Council  
  68  10:04  Probe, Dark Shrine  
  69  10:08  Assimilator  
  69  10:09  Assimilator  
  69  10:12  Mothership Core  
  71  10:17  Probe, Photon Cannon  
  72  10:25  Stalker x2  
  76  10:36  Stalker x2  
  76  10:40  Probe  
  81  10:54  Blink (Chrono Boost)  
  81  10:55  Probe  
  81  10:56  Pylon  
  82  11:06  Probe  
  82  11:07  Probe  
  82  11:08  Probe  
  85  11:16  Dark Templar  
  85  11:18  Probe x2  
  87  11:19  Probe, Dark Templar x2  
  87  11:23  Archon  
  87  11:24  Dark Templar  
  96  11:27  Archon  
  96  11:28  Probe  
  96  11:31  Probe  
  98  11:36  Dark Templar  
  100  11:44  Protoss Ground Weapons Level 1 (Chrono Boost), Pylon  
  100  11:49  Dark Templar  
  100  11:51  Dark Templar  
  104  11:55  Archon  
  104  12:00  Gateway  
  104  12:01  Gateway  
  104  12:02  Gateway  
  104  12:04  Pylon  
  104  12:06  Warp Prism  
  106  12:12  Dark Templar x2  
  107  12:16  Archon  
  105  12:24  Stalker x3  
  105  12:28  Probe  
  112  12:46  Dark Templar x2  
  112  12:47  Dark Templar  
  112  12:50  Archon  
  108  13:08  Dark Templar  
  108  13:09  Dark Templar x2  
  104  13:12  Archon  
  104  13:14  Dark Templar  
  102  13:23  Dark Templar  
  102  13:24  Archon  
  102  13:26  Zealot x3  
  110  13:29  Archon  
  111  13:34  Observer  
  107  13:42  Dark Templar x2  
  107  13:43  Zealot  
  113  13:50  Archon  
  113  13:53  Zealot x4  
Show
View Real Time Build Order
Export as new Build Order

MatchaLatte Protoss 

Build Orders: Nexus First, Phoenix Opening 

Get SALT Encoding   

  12  0:01  Probe (Chrono Boost)  
  13  0:12  Probe (Chrono Boost)  
  14  0:18  Pylon  
  14  0:24  Probe (Chrono Boost)  
  15  0:36  Probe (Chrono Boost)  
  16  0:47  Probe (Chrono Boost)  
  17  0:58  Nexus  
  17  1:01  Probe (Chrono Boost)  
  18  1:12  Gateway  
  18  1:15  Probe (Chrono Boost)  
  19  1:19  Assimilator  
  19  1:24  Assimilator  
  19  1:28  Probe (Chrono Boost)  
  20  1:38  Probe (Chrono Boost)  
  20  1:39  Pylon  
  21  1:49  Probe (Chrono Boost)  
  22  1:59  Cybernetics Core  
  22  2:00  Probe (Chrono Boost)  
  23  2:03  Pylon  
  23  2:11  Probe (Chrono Boost)  
  25  2:15  Probe (Chrono Boost)  
  25  2:31  Probe (Chrono Boost)  
  26  2:37  Stargate  
  26  2:38  Probe (Chrono Boost)  
  26  2:41  Assimilator  
  26  2:42  Mothership Core (Chrono Boost)  
  26  2:44  Warp Gate  
  29  2:49  Probe (Chrono Boost)  
  30  2:53  Adept  
  32  2:59  Probe (Chrono Boost)  
  32  3:00  Probe (Chrono Boost)  
  34  3:10  Probe (Chrono Boost)  
  34  3:11  Probe (Chrono Boost)  
  36  3:17  Pylon  
  36  3:19  Probe (Chrono Boost)  
  36  3:21  Probe (Chrono Boost)  
  36  3:24  Phoenix (Chrono Boost)  
  40  3:29  Probe  
  40  3:32  Probe  
  42  3:37  Pylon  
  42  3:40  Probe  
  43  3:49  Gateway, Pylon  
  43  3:51  Probe  
  44  3:59  Probe  
  44  4:01  Phoenix (Chrono Boost)  
  45  4:04  Probe  
  45  4:09  Probe  
  46  4:16  Probe  
  48  4:20  Probe  
  48  4:22  Stargate  
  51  4:24  Phoenix (Chrono Boost)  
  51  4:28  Probe  
  51  4:30  Probe  
  51  4:31  Pylon  
  52  4:34  Pylon  
  53  4:38  Assimilator  
  53  4:40  Probe  
  54  4:49  Oracle (Chrono Boost)  
  53  4:59  Forge  
  54  5:19  Oracle (Chrono Boost)  
  54  5:27  Probe  
  54  5:39  Pylon  
  54  5:40  Pylon  
  54  5:43  Gateway x2  
  54  6:03  Probe  
  48  6:05  Probe  
  50  6:14  Probe  
  50  6:15  Cybernetics Core  
  50  6:17  Probe  
  49  6:38  Probe  
  49  6:41  Probe  
  50  6:50  Probe  
  50  6:52  Probe  
  52  7:00  Stalker  
  54  7:07  Pylon  
  52  7:13  Probe  
  52  7:14  Phoenix (Chrono Boost)  
  52  7:25  Probe  
  53  7:42  Pylon x2  
  53  7:43  Pylon x2  
  51  7:55  Nexus  
  51  7:59  Forge  
  51  8:00  Probe  
  52  8:12  Pylon  
  52  8:18  Probe  
  53  8:25  Pylon x2  
  53  8:28  Phoenix (Chrono Boost)  
  53  8:31  Probe  
  56  8:37  Photon Cannon  
  56  8:55  Photon Cannon  
  56  9:04  Probe  
  56  9:09  Probe  
  57  9:16  Probe  
  56  9:19  Probe  
  54  9:28  Probe  
  54  9:30  Probe  
  55  9:36  Stalker x2  
  60  9:40  Probe x2  
  62  9:51  Stalker, Probe  
  62  9:52  Stalker, Probe  
  68  10:01  Probe  
  68  10:06  Twilight Council  
  69  10:12  Gateway  
  69  10:13  Gateway  
  69  10:23  Nexus  
  69  10:25  Pylon  
  67  10:54  Zealot x4  
  73  10:59  Probe  
  73  11:01  Probe  
  75  11:10  Dark Shrine  
  75  11:12  Charge (Chrono Boost)  
  75  11:20  Zealot  
  75  11:21  Zealot x4  
  85  11:30  Templar Archives  
  85  11:42  Pylon  
  85  11:46  Zealot x2  
  89  11:49  Assimilator  
  89  11:54  Protoss Ground Weapons Level 1 (Chrono Boost), Pylon  
  89  11:55  Assimilator  
  89  12:04  Zealot x3  
  95  12:20  High Templar x2  
  95  12:21  High Templar  
  101  12:24  Archon  
  101  12:30  Gateway, High Templar  
  101  12:31  High Templar x2  
  101  12:32  Probe x2  
  101  12:34  Probe, Gateway  
  101  12:36  Gateway  
  110  12:38  Photon Cannon, Archon  
  110  12:40  Archon  
  110  12:42  Probe  
  105  12:52  Pylon  
  105  12:53  Dark Templar x2, Pylon  
  105  12:54  Dark Templar  
  93  13:05  Zealot  
  93  13:06  Zealot x2  
  73  13:26  Zealot x5  
  73  13:27  Zealot  
Tags
 
Add a new tag
Caveats
  • Supply blocks, unpowered buildings, or Contaminate may cause inaccurate times.
  • Supply counts are checked every 10 seconds.